Map: Dusk Towers

Players

Dekachin - Winner!

  • Race: Terran Terran
  • League: Silver

creepycake

  • Race: Protoss Protoss
  • League: Bronze

VOD

Have the link to the VOD?

Description

Time

  • Played on: Feb. 24, 2016, 8:30 a.m.
  • Length: 12:48
Show
View Real Time Build Order
Export as new Build Order

Dekachin Terran - Winner!

Build Orders: Command Center First (CC) 

Get SALT Encoding   

  12  0:01  SCV  
  13  0:13  SCV  
  14  0:19  Supply Depot  
  14  0:25  SCV  
  15  0:40  SCV  
  16  0:53  SCV  
  17  1:02  Command Center  
  17  1:08  Refinery  
  17  1:10  SCV  
  18  1:26  Barracks  
  18  1:28  SCV  
  19  1:34  Engineering Bay  
  19  1:43  Supply Depot  
  19  1:48  SCV  
  20  2:05  Barracks  
  20  2:08  SCV  
  21  2:20  SCV  
  22  2:23  Barracks Reactor  
  22  2:32  Orbital Command  
  22  2:40  Terran Infantry Weapons Level 1  
  22  2:42  SCV  
  23  2:53  Marine  
  24  3:02  Missile Turret  
  24  3:05  SCV  
  25  3:11  Marine, Orbital Command  
  26  3:16  Marine x2  
  28  3:29  SCV, Marine  
  28  3:31  Factory  
  30  3:34  Refinery  
  30  3:37  SCV  
  30  3:41  SCV, Marine  
  32  3:48  Barracks Tech Lab  
  33  3:49  SCV  
  34  3:57  Barracks  
  34  3:59  SCV  
  34  4:01  SCV  
  36  4:08  Stimpack  
  36  4:09  Marine x3  
  39  4:15  SCV  
  39  4:16  Factory Reactor  
  40  4:23  Refinery  
  40  4:24  SCV  
  40  4:28  SCV  
  40  4:29  Marine  
  40  4:30  Marine, Supply Depot  
  44  4:36  SCV  
  45  4:40  SCV  
  45  4:42  Starport  
  46  4:50  Supply Depot  
  46  4:51  Marine x2  
  46  4:52  SCV  
  49  4:54  Barracks  
  49  4:57  Barracks  
  49  5:02  Terran Infantry Armor Level 1, Supply Depot  
  49  5:09  Widow Mine x2  
  53  5:16  Missile Turret  
  53  5:19  SCV, Supply Depot  
  54  5:21  Medivac  
  54  5:28  SCV  
  57  5:31  SCV  
  58  5:37  Supply Depot  
  58  5:40  SCV  
  58  5:41  Widow Mine x2  
  63  5:43  Barracks Tech Lab  
  63  5:47  Barracks  
  63  5:49  Marine  
  64  5:50  Barracks  
  64  6:00  SCV, Refinery  
  65  6:06  SCV, Supply Depot  
  65  6:10  Marine, Marauder x2  
  65  6:11  Marine  
  72  6:27  Bunker  
  72  6:30  Bunker, Widow Mine  
  72  6:31  Widow Mine  
  74  6:46  Marauder  
  76  6:48  Starport Reactor  
  76  6:50  SCV x2  
  78  6:56  Building Armor  
  78  7:00  Missile Turret  
  78  7:02  SCV  
  78  7:05  SCV  
  78  7:07  Marauder  
  81  7:12  Barracks Tech Lab  
  81  7:13  Barracks Tech Lab  
  81  7:17  Command Center  
  81  7:23  Supply Depot x3  
  81  7:25  Supply Depot  
  81  7:35  Supply Depot  
  79  7:56  SCV  
  80  8:03  Medivac x2  
  80  8:04  Marine  
  80  8:05  Marine x5  
  86  8:06  Marine  
  87  8:15  SCV  
  88  8:22  Marine  
  88  8:23  Marine, Reaper  
  88  8:24  Supply Depot  
  88  8:26  Supply Depot  
  91  8:30  Supply Depot  
  91  8:32  Orbital Command  
  91  8:33  Medivac x2  
  95  8:34  Supply Depot  
  95  8:36  Hi-Sec Auto Tracking  
  95  8:46  Marauder  
  95  8:47  Marauder  
  101  8:48  Marauder  
  101  8:49  Marauder  
  101  8:55  Reaper  
  102  9:03  Medivac  
  90  9:34  Orbital Command  
  90  9:35  Marine  
  90  9:36  Marine x6  
  94  9:50  Medivac  
  96  9:53  Marine  
  96  9:54  Reaper, Marauder x2  
  96  9:55  Marauder x2  
  106  10:12  Marine x2  
  108  10:16  Marauder x4  
  108  10:18  Neosteel Frame  
  116  10:27  Marine  
  117  10:29  Marine  
  117  10:30  Marine  
  119  10:38  Marine x3  
  122  10:45  Starport  
  122  10:47  Widow Mine  
  124  10:55  Marauder  
  126  11:04  Marine  
  126  11:05  Marine x4  
  130  11:27  Marauder  
  130  11:28  Marauder x3  
  103  12:01  Marauder x3  
  94  12:22  Marauder x2  
Show
View Real Time Build Order
Export as new Build Order

creepycake Protoss 

Build Orders:  

Get SALT Encoding   

  12  0:02  Probe (Chrono Boost)  
  13  0:12  Probe (Chrono Boost)  
  14  0:23  Probe (Chrono Boost)  
  15  0:30  Pylon  
  15  0:49  Probe (Chrono Boost)  
  16  0:50  Assimilator  
  16  0:59  Probe (Chrono Boost)  
  17  1:10  Probe (Chrono Boost)  
  18  1:20  Probe (Chrono Boost)  
  18  1:23  Forge  
  18  1:25  Pylon  
  19  1:32  Probe (Chrono Boost)  
  20  1:45  Gateway  
  20  1:49  Pylon  
  20  1:53  Assimilator  
  20  2:15  Gateway  
  20  2:18  Gateway  
  19  2:39  Cybernetics Core  
  19  2:41  Probe (Chrono Boost)  
  19  2:43  Pylon  
  20  2:47  Pylon  
  20  2:52  Probe (Chrono Boost)  
  21  3:02  Probe (Chrono Boost), Zealot x2  
  26  3:06  Zealot  
  28  3:13  Probe (Chrono Boost)  
  28  3:15  Warp Gate (Chrono Boost)  
  29  3:24  Probe (Chrono Boost)  
  30  3:29  Zealot  
  32  3:42  Stalker x2  
  36  3:56  Stalker  
  38  4:03  Robotics Facility  
  38  4:11  Stalker  
  40  4:22  Zealot  
  42  4:38  Nexus  
  42  4:44  Pylon  
  42  4:50  Sentry  
  44  4:56  Observer  
  45  5:03  Sentry  
  47  5:17  Immortal  
  51  5:39  Assimilator  
  51  5:51  Probe  
  52  5:58  Stalker x2  
  52  5:59  Stalker  
  52  6:02  Probe  
  59  6:12  Probe  
  60  6:22  Mothership Core  
  61  6:44  Observer  
  62  6:53  Probe  
  63  7:03  Probe  
  63  7:05  Assimilator  
  68  7:08  Immortal  
  68  7:18  Adept x2  
  68  7:19  Adept  
  74  7:26  Probe  
  75  7:37  Probe  
  75  7:41  Pylon  
  75  7:42  Pylon  
  75  7:43  Pylon, Twilight Council  
  76  7:52  Immortal  
  78  8:22  Stalker  
  78  8:23  Stalker x2  
  84  8:32  Blink (Chrono Boost)  
  84  8:33  Probe  
  85  8:35  Probe  
  86  8:45  Probe  
  86  8:47  Probe  
  88  8:51  Stargate  
  88  8:53  Stargate  
  88  8:55  Stargate  
  78  9:11  Nexus  
  78  9:13  Assimilator  
  64  9:44  Stalker  
  64  9:45  Stalker x2  
  70  9:53  Probe  
  71  10:02  Pylon  
  71  10:04  Pylon  
  71  10:05  Probe  
  71  10:06  Pylon  
  72  10:08  Immortal  
  72  10:10  Void Ray  
  80  10:16  Sentry x2  
  84  10:31  Probe  
  85  10:41  Probe  
  86  10:52  Probe, Protoss Ground Armor Level 1 (Chrono Boost)  
  87  11:02  Probe  
  59  11:33  Void Ray x2  
  53  11:57  Void Ray  
  54  12:19  Probe  
  55  12:30  Probe  
Tags
 
Add a new tag
Caveats
  • Supply blocks, unpowered buildings, or Contaminate may cause inaccurate times.
  • Supply counts are checked every 10 seconds.